 Dungeon Crawl Stone Soup version 0.32-a0-995-gb4a59205af (webtiles) character file.

Game seed: 13527937530130953206

364 TacoSundae the Slasher (level 6, -3/60 (66) HPs)
             Began as a Coglin Gladiator on Apr 22, 2024.
             Slain by a wight
             ... wielding a +0 scimitar
              (6 damage)
             ... on level 7 of the Dungeon.
             The game lasted 00:06:41 (2581 turns).

TacoSundae the Slasher (Coglin Gladiator)           Turns: 2581, Time: 00:06:42

HP:   -3/60 (66)    AC: 23    Str: 14    XL:     6   Next: 67%
MP:   6/6           EV:  2    Int:  7    God:
Gold: 165           SH:  0    Dex: 18    Spells: 5/5 levels left

rFire   . . .        a - +0 long sword {Kanlaya}
rCold   . . .        h - +2 short sword (venom) {Ahumratum}
rNeg    . . .        b - melded +0 leather armour
rPois   +            c - melded +0 helmet
rElec   .            (cloak currently unavailable)
rCorr   .            f - melded +0 pair of gloves
SInv    .            (boots currently unavailable)
Will    .....        (amulet unavailable)
Stlth   ++           (ring unavailable)
HPRegen 0.30/turn    (ring unavailable)
MPRegen 0.10/turn    (no gizmo)

%: no passive effects
@: tree-form, drained, revved
A: stationary, stasis, torment immunity, boosted hp, off-hand wielding, slow
wielding, warmup strikes, no jewellery
a: Invent Gizmo


You were on level 7 of the Dungeon.
You were a tree.
You visited 1 branch of the dungeon, and saw 5 of its levels.

You collected 165 gold pieces.

Inventory:

Hand Weapons
 a - a +0 long sword (weapon) {Kanlaya}
 h - a +2 short sword of venom (offhand) {Ahumratum}
Missiles
 d - 3 throwing nets (quivered)
 e - a javelin
 i - 25 poisoned darts
 t - 4 boomerangs
Armour
 b - a +0 leather armour (melded)
 c - a +0 helmet (melded)
 f - a +0 pair of gloves (melded)
Wands
 q - a wand of paralysis (13)
 u - a wand of flame (17)
Scrolls
 g - a scroll of revelation {unknown}
 k - 2 scrolls of blinking {unknown}
 l - 2 scrolls of identify {unknown}
 m - a scroll of poison {unknown}
 o - 2 scrolls of enchant armour {unknown}
 p - 2 scrolls of noise {unknown}
Potions
 n - 3 potions of curing {unknown}
 r - a potion of mutation {unknown}
 s - 2 potions of heal wounds {unknown}


   Skills:
 - Level 2.0 Fighting
 + Level 7.3 Long Blades
 - Level 1.7 Throwing
 - Level 2.6 Dodging


You had 5 spell levels left.
You didn't know any spells.
Your spell library contained the following spells:

 Spells                   Type           Power      Damage    Failure   Level
 Apportation              Tloc           0%         N/A       43%         1
 Magic Dart               Conj           0%         1d3       43%         1
 Necrotise                Necr           0%         1d4       43%         1
 Sting                    Conj/Alch      0%         1d3       43%         1
 Summon Small Mammal      Summ           0%         N/A       43%         1
 Blink                    Tloc           0%         N/A       56%         2
 Call Imp                 Summ           0%         N/A       56%         2
 Jinxbite                 Hex            0%         N/A       56%         2
 Sublimation of Blood     Necr           0%         N/A       56%         2
 Dimensional Bullseye     Hex/Tloc       0%         N/A       99%         4
 Spellforged Servitor     Conj/Summ      0%         N/A       100%        7
 Summon Hydra             Summ           0%         N/A       100%        7


Dungeon Overview and Level Annotations

Branches:
Dungeon (4/15)
 Temple: D:4-7

Altars:
Hepliaklqana


Innate Abilities, Weirdness & Mutations

You are a tree.
Your roots penetrate the ground, keeping you stationary.
You cannot be teleported.
You are immune to unholy pain and torment.
Your maximum health is greatly increased.
Your equipment is partially melded.
You can wield a second weapon in your off-hand.
It takes a long time for you to wield or remove held weapons.
Your first few attacks do less damage.
You cannot equip rings or amulets.


Message History

2 wights come into view.
A wight is wielding a +5 dire flail of freezing and wearing a +2 robe of cold resistance.
The wight attacks as it pursues you! The wight closely misses you.
The wight attacks as it pursues you! The wight misses you.
You swing at nothing.
You hit the wight with your +2 short sword of venom.
The wight is lightly damaged.
You hit the wight but do no damage. The wight closely misses you.
You hit the wight but do no damage.
The wight is lightly damaged.
You closely miss the wight with your +0 long sword.
The wight hits you with a +0 scimitar!
You hit the wight with your +2 short sword of venom.
The wight is heavily damaged.
You closely miss the wight with your +0 long sword.
The wight hits you with a +0 scimitar!
You feel drained.
You closely miss the wight with your +0 long sword.
The wight is heavily damaged.
You hit the wight but do no damage. The wight hits you with a +0 scimitar.
You feel drained.
You slash the wight with your +0 long sword!
The wight is almost destroyed.
You completely miss the wight with your +2 short sword of venom.
The wight hits you with a +0 scimitar!
* * * LOW HITPOINT WARNING * * *
It was a potion of lignification.
You turn into a tree.
Your +0 helmet melds into your body.
Your +0 pair of gloves melds into your body.
Your +0 leather armour melds into your body.
Your roots penetrate the ground.
The wight hits you but does no damage.
Unknown command.
You closely miss the wight with your +2 short sword of venom.
The wight is almost destroyed.
You hit the wight but do no damage. The wight hits you with a +0 scimitar.
* * * LOW HITPOINT WARNING * * *
You feel drained.
You closely miss the wight with your +2 short sword of venom.
The wight is almost destroyed.
You hit the wight but do no damage. The wight hits you with a +0 scimitar.
You die...

..# ###.### ###.....#
#....#...# ##...# #..z.
### ##..## ... ##.# #...#
.. #..# ##..# ... ##♣#
#..####..# ###z# #...#...#
########.#z## ##......#
#...........## ##......#
#...#####....####...##...#
##.### ##...z..z...# #..#
#..# ##........## #..
###..# ##........# .
###..#.### ##...#....####


You could see 2 wights.

Vanquished Creatures
  3 scorpions (D:4)
  A hound (D:7)
  A sleepcap (D:4)
  Jessica (D:3)
  Ijyb (D:3)
  4 dart slugs
  A ribbon worm (D:3)
  3 orcs (D:4)
  6 bats
  3 endoplasms
  4 giant cockroaches
  5 hobgoblins
  10 jackals
  6 quokkas
  5 ball pythons
  2 frilled lizards (D:2)
  4 goblins
  9 kobolds
  5 rats
74 creatures vanquished.

Notes
Turn   | Place    | Note
-------+----------+-------------------------------------------
     0 | D:1      | TacoSundae the Coglin Gladiator began the quest for the
                  | Orb.
     0 | D:1      | Reached XP level 1. HP: 16/16 MP: 1/1
   163 | D:1      | Reached XP level 2. HP: 22/22 MP: 2/2
   326 | D:1      | Found a faded altar of an unknown god.
   382 | D:1      | Got the Lessons on Illusory Charms
   403 | D:1      | Reached skill level 4 in Long Blades
   470 | D:1      | Reached XP level 3. HP: 27/27 MP: 3/3
  1653 | D:3      | Noticed Jessica
  1658 | D:3      | Killed Jessica
  1659 | D:3      | Reached skill level 5 in Long Blades
  1659 | D:3      | Reached XP level 4. HP: 33/33 MP: 4/4
  1762 | D:3      | Noticed Ijyb
  1771 | D:3      | Killed Ijyb
  1812 | D:3      | Reached XP level 5. HP: 38/38 MP: 5/5
  2038 | D:3      | Found a hazy altar of Hepliaklqana.
  2250 | D:4      | Reached skill level 6 in Long Blades
  2274 | D:4      | Reached XP level 6. HP: 44/44 MP: 6/6
  2323 | D:4      | Reached skill level 7 in Long Blades
  2456 | D:4      | You fall into a shaft and drop 3 floors!
  2580 | D:7      | HP: 3/61 [wight/+0 scimitar (6)]
  2581 | D:7      | Slain by a wight

Illustrated notes

Levels and vault maps discovered:
D:1:      wheals_arrival_linesprint, layout_loops_cross,
          shapermc_ecumenical_altar_mp_ritualfount
D:2:      layout_loops_ring, minmay_misc_feat_encased, minmay_3d_cube
D:3:      layout_basic, nzn_hepliaklqana_mist_gate, uniq_ijyb, uniq_jessica
D:4:      layout_basic, serial_corexii_hall, chequers_hall_statues_corner_a,
          chequers_hall_statues_wall_a, gammafunk_ghost_cemetery,
          uniq_crazy_yiuf_cottage
D:7:      layout_layer_cave, serial_shops, shop, uniq_duvessa

Skill      XL: |  1  2  3  4  5  6 |
---------------+-------------------+-----
Long Blades    | 4 5 6 7 |  7.3
Fighting       | |  2.0
Throwing       | |  1.7
Dodging        | |  2.6

Action                     |  1- 3 |  4- 6 || total
---------------------------+-------+-------++-------
  Melee: Long sword        |    76 |    62 ||   138
         Dagger            |    41 |       ||    41
         Short sword       |    18 |    62 ||    80
    Use: Potion            |     1 |     1 ||     2
   Stab: Sleeping          |     5 |       ||     5
 Armour: Leather armour    |    39 |    32 ||    71
         Skin              |       |     3 ||     3
  Dodge: Dodged            |    38 |    36 ||    74

Table legend: (Time is in decaauts)
 A = Elapsed time spent in this place.
 B = Non-inter-level travel time spent in this place.
 C = Inter-level travel time spent in this place.
 D = Time resting spent in this place.
 E = Time spent auto-exploring this place.
 F = Levels seen in this place.
 G = Mean time per level.
                   A        B        C        D        E       F      G
               +--------+--------+--------+--------+--------+-----+--------+
         Total |   2596 |   2479 |    117 |     57 |   1624 |   5 |  519.2 |
       Dungeon |   2596 |   2479 |    117 |     57 |   1624 |   5 |  519.2 |
               +--------+--------+--------+--------+--------+-----+--------+

Top non-repeatable levels by time:
     D:1: 800 daAuts
     D:2: 712 daAuts
     D:3: 576 daAuts
     D:4: 382 daAuts
     D:7: 123 daAuts
